 Dungeon Crawl Stone Soup version 0.28-a0-1227-ga9037bb4c8 (webtiles) character file.

Game seed: 13736165136107469911

1518 oldriver the Skirmisher (level 9, -5/72 HPs)
             Began as a Formicid Abyssal Knight on Dec 23, 2021.
             Was a Believer of Lugonu.
             Slain by Duvessa (7 damage)
             ... on level 5 of the Dungeon.
             The game lasted 00:09:56 (7322 turns).

oldriver the Skirmisher (Formicid Abyssal Knight)   Turns: 7322, Time: 00:09:56

Health: -5/72      AC:  8    Str: 20    XL:     9   Next: 9%
Magic:  3/10       EV: 11    Int: 16    God:    Lugonu [**....]
Gold:   378        SH:  5    Dex: 13    Spells: 8/8 levels left

rFire   . . .      SeeInvis +   h - +2 dagger (venom)
rCold   . . .      Faith    .   (no shield)
rNeg    . . .      Spirit   .   j - +0 scale mail
rPois   .          Reflect  +   (helmet unavailable)
rElec   .          Harm     .   o - scarf {repulsion}
rCorr   .          Rampage  .   d - +0 pair of gloves
Will    .....                   (no boots)
Stlth   +.........              g - amulet of reflection
HPRegen 0.22/turn               c - +6 ring of intelligence
MPRegen 0.12/turn               n - ring of flight

@: attractive, flying, repel missiles
A: permanent stasis, dig shafts and tunnels, antennae 3, four strong arms
a: Dig, Shaft Self, Renounce Religion, Depart the Abyss, Bend Space


You were on level 5 of the Dungeon.
You worshipped Lugonu.
Lugonu was pleased with you.
You visited 1 branch of the dungeon, and saw 5 of its levels.
You visited the Abyss 1 time.

You collected 378 gold pieces.

Inventory:

Hand Weapons
 a - a +1 short sword
 h - a +2 dagger of venom (weapon)
 v - a +0 falchion of flaming
Armour
 d - a +0 pair of gloves (worn)
 j - a +0 scale mail (worn)
 o - a scarf of repulsion (worn)
Jewellery
 c - a +6 ring of intelligence (left hand)
 g - an amulet of reflection (around neck)
 n - a ring of flight (right hand)
 q - a ring of wizardry
 u - an amulet of magic regeneration
Wands
 i - a wand of polymorph (9)
Scrolls
 e - a scroll of fog {unknown}
 f - a scroll of amnesia {unknown}
 l - a scroll of summoning {unknown}
 r - a scroll of immolation {unknown}
 s - 2 scrolls of identify {unknown}
 w - 2 scrolls of teleportation {unknown}
 x - a scroll of magic mapping {unknown}
 y - a scroll of torment {unknown}
 z - a scroll of noise {unknown}
Potions
 b - a potion of brilliance


   Skills:
 * Level 7.3 Fighting
 + Level 6.1 Short Blades
 + Level 4.7 Armour
 + Level 3.6 Dodging
 + Level 2.2 Stealth
 + Level 3.2 Shields
 + Level 2.4 Invocations
 + Level 0.6 Evocations


You had 8 spell levels left.
You didn't know any spells.
Your spell library contained the following spells:

 Spells                   Type           Power      Damage    Failure   Level
 Apportation              Tloc           0%         N/A       56%         1
 Slow                     Hex            0%         N/A       56%         1
 Corpse Rot               Necr/Air       0%         N/A       71%         2
 Poisonous Vapours        Pois/Air       0%         N/A       71%         2
 Static Discharge         Conj/Air       0%         N/A       71%         2
 Confusing Touch          Hex            0%         N/A       90%         3
 Vampiric Draining        Necr           0%         2d6       90%         3
 Dispel Undead            Necr           0%         3d6       100%        4
 Sticky Flame             Conj/Fire      0%         2d3       100%        4
 Alistair's Intoxication  Tmut/Pois      0%         N/A       100%        5
 Summon Forest            Summ/Tloc      0%         N/A       100%        5
 Summon Mana Viper        Hex/Summ       0%         N/A       100%        5
 Summon Cactus Giant      Summ           0%         N/A       100%        6


Dungeon Overview and Level Annotations

Branches:
Dungeon (5/15)
 Temple: D:4-7

Altars:
Fedhas

Annotations:
D:5 Duvessa


Innate Abilities, Weirdness & Mutations

You cannot be hasted, slowed, berserked, paralysed or teleported.
You can dig through walls and to a lower floor.
You have a pair of large antennae on your head. (SInv)
Your four strong arms can wield two-handed weapons with a shield.


Message History

* * * LOW HITPOINT WARNING * * *
Okay, then.
Okay, then.
Space bends around you!
You blink.
You hear a shout!
You hear a shout!
Duvessa rages.
As you read the scroll labelled JAEPHO DENATAUS, it crumbles to dust.
It is a scroll of enchant weapon.
Your +1 dagger of venom glows red for a moment.
You block Duvessa's attack. Space bends around you!
You blink.
It was a potion of flight.
You feel more buoyant.
It was a potion of berserk rage.
Your stasis prevents you from going berserk.
Duvessa hits you with a +2 rapier of speed.
* * * LOW HITPOINT WARNING * * *
Space bends around you!
You blink.
It was a potion of attraction.
You feel attractive to monsters.
Duvessa rages.
Duvessa is attracted toward you. Space bends around you!
You blink.
Duvessa is attracted toward you. Space bends around you!
You blink.
Duvessa rages.
Duvessa is attracted toward you. Space bends around you!
You blink.
Duvessa is attracted toward you. Space bends around you!
You blink.
Duvessa is attracted toward you. Space bends around you!
You blink.
Duvessa rages.
Duvessa is attracted toward you. Space bends around you!
You blink.
Duvessa is attracted toward you.
You don't have enough health at the moment.
You don't have enough health at the moment.
You block Duvessa's attack.
You hit Duvessa.
Duvessa looks even sicker.
Duvessa is heavily wounded.
Duvessa hits you with a +2 rapier of speed!
You die...

##...# #.####### ...#.##
######.......## .###..#
##........§....## .#
##.###..###..........# #. ##
#>....## #..........# # {
##.##### #..........# .# ## #..#
#..........###..## .###..##
#..e.(.....#.. ..[ ..##...#
##.@......##.# #.# #.#..#.#
#..........#.# #$# #.[<##.###
#..........§.# #.#
...###...#####..........### #.###
........(............>..#####....
.####.##.#####...................
.# #....# ##.......####'###### .#
####.## ##......# #.## .. .#
#..##########..# ..##'##


You could see Duvessa (berserk, very poisoned).

Vanquished Creatures
  Grinder (D:4)
  Eustachio (D:4)
  An ice beast (D:3)
  2 sky beasts
  A black bear (D:5)
  An ogre (D:5)
  A water moccasin zombie (D:5)
  Dowan (D:5)
  4 killer bees
  A howler monkey (D:4)
  A centaur zombie (D:5)
  An orc priest (D:5)
  3 iguanas (D:5)
  An orc wizard (D:3)
  A hound zombie (D:3)
  A hound skeleton (D:4)
  4 gnolls (D:5)
  8 adders
  An adder skeleton (D:4)
  A worm (D:3)
  4 dart slugs (D:1)
  6 orcs
  12 bats
  7 endoplasms
  2 giant cockroaches (D:1)
  8 goblins
  7 hobgoblins
  2 jackals (D:3)
  5 quokkas
  8 ball pythons
  3 frilled lizards
  8 kobolds
  4 rats
112 creatures vanquished.

Notes
Turn   | Place    | Note
-------+----------+-------------------------------------------
     0 | Abyss:1  | oldriver the Formicid Abyssal Knight began the quest for
                  | the Orb.
     0 | Abyss:1  | Reached XP level 1. HP: 18/18 MP: 2/2
    55 | Abyss:1  | Noticed a ynoxinul
    56 | D:1      | Escaped the Abyss
   339 | D:1      | Reached XP level 2. HP: 21/25 MP: 3/3
   459 | D:1      | Reached * piety under Lugonu
   759 | D:1      | Reached skill level 4 in Fighting
   759 | D:1      | Reached XP level 3. HP: 20/30 MP: 4/4
  1043 | D:1      | Found a faded altar of an unknown god.
  1268 | D:1      | Reached skill level 1 in Dodging
  1903 | D:2      | Reached XP level 4. HP: 37/37 MP: 5/5
  2544 | D:2      | Reached ** piety under Lugonu
  2545 | D:2      | Reached skill level 1 in Stealth
  2810 | D:3      | Reached XP level 5. HP: 43/43 MP: 6/6
  2812 | D:3      | Found a blossoming altar of Fedhas.
  3245 | D:3      | Noticed a sky beast
  3273 | D:3      | Killed a sky beast
  3274 | D:3      | Reached XP level 6. HP: 13/50 MP: 7/7
  3574 | D:3      | Noticed an ice beast
  3605 | D:3      | Killed an ice beast
  3606 | D:3      | Reached skill level 5 in Fighting
  3606 | D:3      | Reached skill level 1 in Shields
  3976 | D:4      | Reached XP level 7. HP: 53/56 MP: 8/8
  4716 | D:4      | Noticed Grinder
  4721 | D:4      | Noticed Eustachio
  4777 | D:4      | Killed Grinder
  4778 | D:4      | Reached skill level 5 in Short Blades
  4778 | D:4      | Reached XP level 8. HP: 15/64 MP: 9/9
  5127 | D:4      | Killed Eustachio
  5128 | D:4      | Reached skill level 6 in Fighting
  5252 | D:5      | Entered Level 5 of the Dungeon
  6790 | D:5      | Reached skill level 7 in Fighting
  7058 | D:5      | Noticed Dowan
  7129 | D:5      | Killed Dowan
  7130 | D:5      | Reached XP level 9. HP: 54/72 MP: 10/10
  7288 | D:5      | Noticed Duvessa
  7322 | D:5      | Slain by Duvessa

Illustrated notes

Levels and vault maps discovered:
D:1:      sevenhm_arrival_forest_fort_small_5, layout_basic,
          hellmonk_ecumenical_altar_pennies_from_heaven
D:2:      layout_basic, minmay_octomino_c4
D:3:      layout_rooms, lemuel_tele_altar
D:4:      layout_cave_pools, uniq_grinder, uniq_eustachio
D:5:      layout_rooms, gammafunk_ghost_hive, minmay_pentangle, uniq_duvessa

Skill      XL: |  1  2  3  4  5  6  7  8 |
---------------+-------------------------+-----
Fighting       | 4 5 7 |  7.3
Dodging        | 1 2 3 |  3.6
Stealth        | 1 2 |  2.2
Short Blades   | 3 4 5 6 |  6.1
Armour         | 3 4 |  4.7
Shields        | 1 3 |  3.2
Invocations    | |  2.4
Evocations     | |  0.6

Action                   |  1- 3 |  4- 6 |  7- 9 || total
-------------------------+-------+-------+-------++-------
Melee: Short sword       |   124 |   113 |       ||   237
       Dagger            |       |    26 |   280 ||   306
Invok: Depart the Abyss  |     1 |       |       ||     1
       Bend Space        |       |       |     9 ||     9
 Abil: Dig               |       |       |     1 ||     1
Evoke: Wand              |       |       |     2 ||     2
  Use: Potion            |       |     1 |     7 ||     8
       Scroll            |       |       |     1 ||     1
 Stab: Sleeping          |     1 |     1 |       ||     2
Armor: Leather armour    |    62 |    40 |    17 ||   119
       Scale mail        |       |       |    71 ||    71
Dodge: Dodged            |    93 |    74 |   126 ||   293
       Repelled          |       |       |     1 ||     1
Block: Other             |       |    18 |    60 ||    78
       Reflection        |       |       |     1 ||     1

Table legend: (Time is in decaauts)
 A = Elapsed time spent in this place.
 B = Non-inter-level travel time spent in this place.
 C = Inter-level travel time spent in this place.
 D = Time resting spent in this place.
 E = Time spent auto-exploring this place.
 F = Levels seen in this place.
 G = Mean time per level.
                   A        B        C        D        E       F      G
               +--------+--------+--------+--------+--------+-----+--------+
         Total |   7241 |   6951 |    290 |   2537 |   3152 |   6 | 1206.8 |
       Dungeon |   7185 |   6895 |    290 |   2537 |   3097 |   5 | 1437.0 |
         Abyss |     56 |     56 |      0 |      0 |     55 |   1 |   56.0 |
               +--------+--------+--------+--------+--------+-----+--------+

Top non-repeatable levels by time:
     D:1: 1657 daAuts
     D:3: 1532 daAuts
     D:4: 1505 daAuts
     D:5: 1379 daAuts
     D:2: 1110 daAuts
 Abyss:1: 56 daAuts
